 Dungeon Crawl Stone Soup version 0.26-a0-466-g989023bd0d (webtiles) character file.

Game seed: 6869460413375902736

83 Inarius the Sneak (level 4, 0/40 HPs)
             Began as a Kobold Wanderer on Aug 14, 2020.
             Slain by a centaur (2 damage)
             ... on level 2 of the Dungeon.
             The game lasted 00:02:31 (1946 turns).

Inarius the Sneak (Kobold Wanderer)                 Turns: 1946, Time: 00:02:32

Health: 0/40       AC: 22    Str: 10    XL:     4   Next: 71%
Magic:  4/4        EV:  3    Int: 11    God:
Gold:   101        SH:  0    Dex: 16    Spells: 3/3 levels left

rFire    . . .     SeeInvis .   a - +2 spear
rCold    . . .     Faith    .   (shield restricted)
rNeg     + + +     Spirit   .   (armour currently unavailable)
rPois    +         Reflect  .   (helmet currently unavailable)
rElec    .         Harm     .   (cloak currently unavailable)
rCorr    .         NoTele   +   (gloves currently unavailable)
MR       .....                  (boots currently unavailable)
Stlth    ++++......             g - amulet of the acrobat
HPRegen  0.13/turn              (no ring)
MPRegen  0.09/turn              (no ring)

@: tree-form
A: small, blurry vision 1, nightstalker 3
a: no special abilities


You were on level 2 of the Dungeon.
You were a tree.
You visited 1 branch of the dungeon, and saw 2 of its levels.

You collected 101 gold pieces.

Inventory:

Hand Weapons
 a - a +2 spear (weapon)
 e - a +0 dagger
Armour
 d - a +0 robe (melded)
Jewellery
 g - an amulet of the acrobat (around neck)
 j - a +6 ring of intelligence {unknown}
Scrolls
 c - 3 scrolls of teleportation
 h - a scroll of enchant armour {unknown}
 k - 3 scrolls of identify {unknown}
 l - a scroll of remove curse {unknown}
 m - a scroll of noise {unknown}
Potions
 i - a potion of mutation


   Skills:
 + Level 2.7 Fighting
 * Level 2.1 Short Blades
   Level 1.0(1.4) Axes
 - Level 1.5(1.7) Polearms
 + Level 1.0 Armour
 + Level 0.4 Dodging
 + Level 6.2 Stealth
   Level 1.2 Evocations


You had 3 spell levels left.
You didn't know any spells.
Your spell library was empty.

Dungeon Overview and Level Annotations

Branches:
Dungeon (2/15)

Altars:
Okawaru
Ru


Innate Abilities, Weirdness & Mutations

You are small and have problems with some larger weapons.
You are completely attuned to the shadows.
((You have a pair of small horns on your head.))
Scrolls take you a little longer to read.


Message History

The centaur hits you but does no damage. x2
It was a potion of flight.
Your roots keep you in place.
The centaur barely misses you.
You hit the centaur.
The centaur is lightly wounded.
The centaur barely misses you.
The centaur hits you but does no damage.
You hit the centaur.
The centaur is heavily wounded.
The centaur hits you but does no damage.
You hit the centaur.
The centaur is severely wounded.
The centaur hits you but does no damage. x2
You hit the centaur.
The centaur is severely wounded.
The centaur hits you but does no damage.
You hit the centaur.
The centaur is almost dead.
The centaur hits you.
You die...

..........# #.#....#..
.#...♣...#.# #...##.'..
....♣.♣....#####..##['..
..♣.♣.♣.........>####..
♣.♣.♣.♣...##.#### #..
♣(_.♣.♣..##.# #..
♣.♣(♣.♣..###.# ##.
..♣.♣(♣.[.# #.# ##
....♣.♣♣...# #
.#...♣..c#.# ..........
######.### ..


You could see a centaur.

Vanquished Creatures
  4 adders (D:2)
  An ooze (D:1)
  3 dart slugs (D:1)
  A bat (D:1)
  A giant cockroach (D:1)
  7 goblins
  6 hobgoblins
  5 kobolds
  6 frilled lizards
  6 rats
40 creatures vanquished.

Notes
Turn   | Place    | Note
-------+----------+-------------------------------------------
     0 | D:1      | Inarius the Kobold Wanderer began the quest for the Orb.
     0 | D:1      | Inarius set off with the following items: a +2 spear, a
                  | potion of lignification, a scroll of teleportation, a +0
                  | robe, a +0 dagger
     0 | D:1      | Reached XP level 1. HP: 12/12 MP: 1/1
    71 | D:1      | Reached XP level 2. HP: 6/18 MP: 2/2
   290 | D:1      | Reached skill level 1 in Short Blades
   492 | D:1      | Reached skill level 5 in Stealth
   492 | D:1      | Reached XP level 3. HP: 15/22 MP: 3/3
  1146 | D:2      | Reached XP level 4. HP: 27/27 MP: 4/4
  1279 | D:2      | Found a sacrificial altar of Ru.
  1579 | D:2      | Reached skill level 6 in Stealth
  1929 | D:2      | Found an iron altar of Okawaru.
  1934 | D:2      | Noticed a centaur
  1939 | D:2      | HP: 1/40 [centaur (2)]
  1940 | D:2      | Gained mutation: Scrolls take you a little longer to read.
                  | [potion of mutation]
  1940 | D:2      | Gained mutation: You are weak. (Str -2) [potion of
                  | mutation]
  1940 | D:2      | Lost mutation: You are weak. (Str -2) [potion of mutation]
  1940 | D:2      | Gained mutation: You have a pair of small horns on your
                  | head. [potion of mutation]
  1946 | D:2      | Slain by a centaur

Illustrated notes

Levels and vault maps discovered:
D:1:      saegor_arrival_simple_d, layout_rooms
D:2:      layout_basic, lemuel_doored_altar, nicolae_overflow_crystal_walls,
          kennysheep_big_empty_room, okawaru_trees_2

Skill      XL: |  1  2  3  4 |
---------------+-------------+-----
Short Blades   | 1 2 |  2.1
Stealth        | 5 6 |  6.2
Fighting       | |  2.7
Axes           | |  1.0
Polearms       | |  1.5
Armour         | |  1.0
Dodging        | |  0.4
Evocations     | |  1.2

Action                   |  1- 3 |  4- 6 || total
-------------------------+-------+-------++-------
Melee: Spear             |    76 |    35 ||   111
  Use: Potion            |       |     3 ||     3
 Stab: Sleeping          |    18 |     4 ||    22
Armor: Robe              |     7 |     2 ||     9
       Skin              |       |     7 ||     7
Dodge: Dodged            |    35 |    17 ||    52

Table legend: (Time is in decaauts)
 A = Elapsed time spent in this place.
 B = Non-inter-level travel time spent in this place.
 C = Inter-level travel time spent in this place.
 D = Time resting spent in this place.
 E = Time spent auto-exploring this place.
 F = Levels seen in this place.
 G = Mean time per level.
                   A        B        C        D        E       F      G
               +--------+--------+--------+--------+--------+-----+--------+
         Total |   1946 |   1928 |     18 |    632 |   1032 |   2 |  973.0 |
       Dungeon |   1946 |   1928 |     18 |    632 |   1032 |   2 |  973.0 |
               +--------+--------+--------+--------+--------+-----+--------+

Top non-repeatable levels by time:
     D:1: 1116 daAuts
     D:2: 830 daAuts
